AoeStats
← jjarva

Arabian Desert

511463553Analyzed
1v1 RM · 13d ago on Oct 5, 2026· 75m 23s· 2 players
Game mode
Random Map
Map size
Tiny (2 player)
Population
200
Speed
Normal
Resources
Standard
Victory
Conquest
Starting age
Dark Age
Ending age
Imperial Age
RankedLock teamsTeams togetherTeam positionsShared explorationLock speedFull tech treeHidden civsTurbo modeCheats
Victory
Defeat
🇦🇷 Danes · Argentina
1331
+14
vs
🇦🇷 Poles · Argentina
1287
-14
jjarva
6:35 Loom
8:50 Feudal Age
10:20 Man-at-Arms
11:55 Double-Bit Axe
20:21 Wheelbarrow
20:10 Scale Mail Armor
24:49 Castle Age
23:00 Horse Collar
23:30 Gold Mining
24:21 Bloodlines
26:12 Hand Cart
26:25 Fletching
27:54 Bodkin Arrow
27:55 Long Swordsman
29:57 Gold Shaft Mining
29:19 Gambesons
29:58 Chain Mail Armor
31:03 Padded Archer Armor
33:27 Forging
34:22 Husbandry
34:59 Iron Casting
34:41 Leather Archer Armor
41:34 Imperial Age
39:42 Heavy Plow
40:02 Pikeman
40:43 Squires
41:05 Town Watch
42:17 Cranequins
43:25 Ballistics
44:04 Bracer
48:19 Conscription
50:26 Plate Mail Armor
53:28 Iron Casting
53:33 Hamask
54:22 Capped Ram
56:19 Chemistry
56:03 Thumb Ring
57:13 Blast Furnace
58:29 Siege Engineers
59:50 Ring Archer Armor
59:18 Heavy Mounted Crossbowman
60:17 Elite Jomsviking
64:48 Arson
66:18 Hoardings
66:10 Murder Holes
71:20 Halberdier
73:06 Siege Ram
cerbero
6:54 Loom
9:15 Feudal Age
13:04 Double-Bit Axe
16:46 Horse Collar
23:11 Fletching
23:56 Gold Mining
25:38 Scale Barding Armor
27:57 Castle Age
29:00 Husbandry
29:49 Forging
31:30 Iron Casting
32:09 Bloodlines
32:58 Town Watch
33:39 Stone Mining
34:23 Chain Barding Armor
42:25 Szlachta Privileges
43:03 Bodkin Arrow
44:13 Wheelbarrow
43:22 Elite Skirmisher
46:58 Bow Saw
53:05 Imperial Age
53:21 Cavalier
55:54 Blast Furnace
55:41 Stone Shaft Mining
55:13 Murder Holes
55:28 Masonry
56:19 Chemistry
55:43 Heavy Plow
57:16 Lechitic Legacy
57:27 Conscription
57:38 Bracer
58:37 Light Cavalry
59:58 Ballistics
59:49 Masonry
60:12 Light Cavalry
61:50 Winged Hussar
70:06 Town Patrol
74:31 Hand Cart
75:24 Hoardings
Connection lost

Rejoining the realm…

Still unreachable

The connection could not be restored.

Session expired

The server has moved on; the page needs a fresh start.